 Dungeon Crawl Stone Soup version 0.22-a0-247-gbddf880 (webtiles) character file.

1501 mhoghedin the Chopper (level 8, -6/64 HPs)
             Began as a Black Draconian Warper on Feb 27, 2018.
             Was an Initiate of Ashenzari.
             Mangled by a two-headed ogre
             ... wielding a +0 giant club
              (22 damage)
             ... on level 6 of the Dungeon.
             The game lasted 00:10:01 (5031 turns).

mhoghedin the Chopper (Black Draconian Warper)      Turns: 5031, Time: 00:10:02

Health: -6/64      AC:  9    Str: 15    XL:     8   Next: 52%
Magic:  18/20      EV: 13    Int: 17    God:    Ashenzari [......]
Gold:   257        SH:  0    Dex: 10    Spells: 4/11 levels left

rFire    . . .     SeeInvis .   p - +2 war axe (freeze)
rCold    . . .     Gourm    .   (no shield)
rNeg     . . .     Faith    .   (armour unavailable)
rPois    .         Spirit   .   (helmet restricted)
rElec    +         Reflect  .   (no cloak)
rCorr    .         Harm     .   g - +2 pair of gloves
MR       +....                  (no boots)
Stlth    +.........             s - amulet of regeneration (curse) {+regen, !d}
HPRegen  0.60/turn              o - ring of protection from magic (curse) {MR+, !d}
MPRegen  0.17/turn              D - ring of magical power {MP+9}

@: short of breath, very slightly contaminated
A: breathe lightning, unfitting armour, stinger 1, clever 1, electricity
resistance, no potion heal 1, cold-blooded, AC +6
a: Breathe Lightning, Curse Item, Renounce Religion


You were on level 6 of the Dungeon.
You worshipped Ashenzari.
Ashenzari was noncommittal.
You were full.

You visited 1 branch of the dungeon, and saw 6 of its levels.

You collected 257 gold pieces.

Inventory:

Hand Weapons
 a - a +0 falchion
 p - a +2 war axe of freezing (weapon)
   (You found it on level 2 of the Dungeon)
Missiles
 d - 5 tomahawks of dispersal {=f}
 t - 3 steel tomahawks (quivered)
 w - 4 tomahawks
Armour
 g - a +2 pair of gloves (worn)
   (You found it on level 1 of the Dungeon)
 u - a +0 pair of boots
   (You found it on level 3 of the Dungeon)
Jewellery
 o - a cursed ring of protection from magic (left hand) {MR+, !d}
   (You found it on level 2 of the Dungeon)
 s - a cursed amulet of regeneration (around neck) {+regen, !d}
   (You found it on level 3 of the Dungeon)
 D - a ring of magical power (right hand) {MP+9}
   (You found it on level 5 of the Dungeon)
Wands
 j - a wand of polymorph (5)
   (You took it off Jessica on level 2 of the Dungeon)
 C - a wand of acid (9)
   (You took it off Ijyb on level 5 of the Dungeon)
Scrolls
 c - 2 scrolls of blinking {!r}
 f - 4 scrolls of teleportation
 k - 5 scrolls of magic mapping {!r}
 l - a scroll of noise {unknown}
 m - a scroll of enchant weapon {unknown}
 n - a scroll of fear {unknown}
 q - a scroll of remove curse
 y - a scroll of random uselessness {unknown}
Potions
 e - a potion of haste
 h - 2 potions of flight
 i - 3 potions of curing
 r - 2 potions of brilliance
 v - 2 potions of resistance
 z - 2 potions of heal wounds
 B - a potion of berserk rage {!q}
Comestibles
 b - 11 rations


   Skills:
 + Level 3.6 Fighting
 - Level 2.9 Long Blades
 + Level 7.4 Axes
 - Level 2.1 Throwing
 + Level 3.2 Dodging
 - Level 2.0 Spellcasting
 - Level 2.9 Conjurations
 - Level 3.0 Translocations
 - Level 3.5 Air Magic
 - Level 2.9 Poison Magic


You had 4 spell levels left.
You knew the following spells:

 Your Spells              Type           Power        Failure   Level  Hunger
a - Shroud of Golubria    Chrm/Tloc      #.........   16%         2    ###....
b - Blink                 Tloc           N/A          9%          2    ###....
x - Mephitic Cloud        Conj/Pois/Air  ##......     16%         3    ###....


Dungeon Overview and Level Annotations

Branches:
Dungeon (6/15)             Temple (0/1) D:6

Altars:
Ashenzari
Gozag
Nemelex Xobeh
Sif Muna
Uskayaw
Xom


Innate Abilities, Weirdness & Mutations

You can breathe wild blasts of lightning.
Your glossy black scales are hard. (AC +6)
You cannot fit into any form of body armour.
You are resistant to electric shocks. (rElec)
You are cold-blooded and may be slowed by cold attacks.
Your tail ends in a poisonous barb.
Your mind is acute. (Int +2)
Potions are less effective at restoring your health.


Message History

You kill the sky beast!
No target in view!
No target in view!
No target in view!
No target in view!
No target in view!
No target in view!
No target in view!
No target in view!
No target in view!
No target in view!
No target in view!
No target in view!
No target in view!
There is an open door here.
b - 11 rations (gained 1)
You now have 257 gold pieces (gained 16).
q - a scroll of remove curse Health restored: 63
Found a stone staircase leading down.
A worker ant comes into view.
A worker ant is nearby!
No target in view!
No target in view!
No target in view!
No target in view!
No target in view!
No target in view!
No target in view!
No target in view!
No target in view!
The worker ant twitches its antennae in your direction.
The worker ant is too close now for your liking.
You see here a potion of curing.
No target in view!
No target in view!
No target in view!
No target in view!
You see here a potion of curing.
The worker ant barely misses you.
The worker ant bites you but does no damage.
You closely miss the worker ant. The worker ant bites you.
You take 3 damage, and have 60/63 hp.
You hit the worker ant. You freeze the worker ant.
Your tail-slap misses the worker ant.
The worker ant closely misses you.
You barely miss the worker ant. The worker ant closely misses you.
The worker ant barely misses you.
You hit the worker ant. You freeze the worker ant.
The worker ant closely misses you.
You slash the worker ant! You freeze the worker ant.
You kill the worker ant!
No target in view!
No target in view!
No target in view!
No target in view!
No target in view!
No target in view!
No target in view!
No target in view!
No target in view!
No target in view!
i - 3 potions of curing (gained 1)
z - 2 potions of heal wounds (gained 1)
You see here an uncursed chain mail.
A two-headed ogre comes into view. It is wielding two giant clubs.
Health restored: 64 A two-headed ogre is nearby!
Okay, then.
Unknown command.
Aim: a two-headed ogre, wielding two giant clubs You miscast Mephitic Cloud.
You are very lightly contaminated with residual magic.
Sparks fly from your hands!
You now have 17/20 mp.
Aim: a two-headed ogre, wielding two giant clubs
Okay, then.
Unknown command.
Unknown command.
You breathe a wild blast of lightning!
The orb of electricity explodes! x2
The orb of electricity engulfs the two-headed ogre.
The orb of electricity engulfs you! You resist.
You hear a mighty clap of thunder!
The bolt of lightning misses you. x2; The orb of electricity explodes!
The orb of electricity engulfs you! You resist.
The orb of electricity engulfs the two-headed ogre.
You feel somewhat less full.
The two-headed ogre hits you with a giant club!!
The two-headed ogre barely misses you.
Unknown command.
You take 32 damage, and have 32/64 hp.
MASSIVE DAMAGE!!
You hit the two-headed ogre. You freeze the two-headed ogre.
The two-headed ogre hits you with a giant club!
* * * LOW HITPOINT WARNING * * *
The two-headed ogre closely misses you.
You take 16 damage, and have 16/64 hp.
MASSIVE DAMAGE!!
You hit the two-headed ogre. You freeze the two-headed ogre.
The two-headed ogre hits you with a giant club!!
You die...

........###.#########.##
........# #.#.......#..#
........###.#.......##.#
.......[............##.#
........###.#.......##.##
........# #.........##..#
........# ##........###.#
...###### ##.......# #.##
†### #.##@#### #..# .#
#.##O# ##.## # #.##.#
#..# #.##.# ##.## #.##.#
#..### ##.##.# ##....#
#.....# #§....# #.....#
##§§..## #.....# #§§≈..##


You could see a two-headed ogre.

Vanquished Creatures
  A sky beast (D:6)
  3 centaurs
  An ogre (D:5)
  A phantom (D:6)
  3 bullfrogs (D:6)
  A howler monkey (D:6)
  A crimson imp (D:6)
  2 hounds (D:5)
  A centaur skeleton (D:5)
  7 orc wizards
  Jessica (D:2)
  Ijyb (D:5)
  An iguana (D:3)
  4 worker ants
  A hound zombie (D:6)
  A worker ant zombie (D:2)
  8 adders
  8 gnolls
  A howler monkey skeleton (D:5)
  2 shadow imps
  3 worms
  3 dart slugs
  3 leopard geckos
  7 orcs
  2 ball pythons
  4 giant cockroaches
  6 goblins
  8 hobgoblins
  6 jackals
  4 kobolds
  3 quokkas
  6 bats
  5 frilled lizards
  A leopard gecko skeleton (D:4)
  6 rats
116 creatures vanquished.

Notes
Turn   | Place    | Note
-------+----------+-------------------------------------------
     0 | D:1      | mhoghedin the Draconian Warper began the quest for the Orb.
     0 | D:1      | Reached XP level 1. HP: 17/17 MP: 3/3
    30 | D:1      | Reached skill level 1 in Throwing
   199 | D:1      | Reached XP level 2. HP: 15/25 MP: 5/5
   206 | D:1      | Learned a level 2 spell: Blink
   209 | D:1      | Learned a level 2 spell: Shroud of Golubria
   585 | D:1      | Reached XP level 3. HP: 22/30 MP: 6/6
  1263 | D:2      | Noticed Jessica
  1273 | D:2      | Killed Jessica
  1273 | D:2      | Reached skill level 3 in Fighting
  1273 | D:2      | Reached XP level 4. HP: 23/38 MP: 5/7
  1366 | D:2      | Reached skill level 2 in Throwing
  1790 | D:3      | Reached skill level 3 in Dodging
  1837 | D:3      | Learned a level 3 spell: Mephitic Cloud
  1937 | D:3      | Reached skill level 1 in Axes
  1991 | D:3      | Reached XP level 5. HP: 45/45 MP: 8/8
  2213 | D:3      | Reached skill level 2 in Axes
  2581 | D:4      | Reached skill level 3 in Axes
  2805 | D:4      | Reached XP level 6. HP: 36/51 MP: 6/9
  3086 | D:4      | Reached skill level 4 in Axes
  3093 | D:4      | Reached skill level 5 in Axes
  3730 | D:5      | Entered Level 5 of the Dungeon
  3738 | D:5      | Found a shimmering altar of Xom.
  3801 | D:5      | Your scales start taking on a glossy black colour.
  3801 | D:5      | Reached XP level 7. HP: 29/57 MP: 8/10
  3801 | D:5      | Gained mutation: You are resistant to electric shocks. (rElec) [Black Draconian growth]
  3964 | D:5      | Reached skill level 6 in Axes
  3977 | D:5      | HP: 14/57 [poisoned by an adder]
  3984 | D:5      | HP: 13/57 [poisoned by an adder]
  3992 | D:5      | HP: 13/57 [poisoned by an adder]
  4070 | D:5      | Noticed Ijyb
  4074 | D:5      | Killed Ijyb
  4137 | D:5      | Found a hide-covered altar of Uskayaw.
  4200 | D:5      | Reached skill level 7 in Axes
  4225 | D:5      | Found a shattered altar of Ashenzari.
  4249 | D:5      | Became a worshipper of Ashenzari the Shackled
  4356 | D:5      | Found a deep blue altar of Sif Muna.
  4525 | D:5      | Reached skill level 1 in Conjurations
  4525 | D:5      | Reached skill level 1 in Air Magic
  4527 | D:5      | Reached skill level 1 in Poison Magic
  4604 | D:6      | Reached skill level 2 in Air Magic
  4605 | D:6      | Reached XP level 8. HP: 34/63 MP: 11/11
  4613 | D:6      | Reached skill level 2 in Conjurations
  4613 | D:6      | Reached skill level 2 in Poison Magic
  4614 | D:6      | Reached skill level 3 in Air Magic
  4732 | D:6      | Gained mutation: Potions are less effective at restoring your health. [potion of mutation]
  4732 | D:6      | Gained mutation: Your mind is acute. (Int +2) [potion of mutation]
  4732 | D:6      | Gained mutation: Your tail ends in a poisonous barb. [potion of mutation]
  4862 | D:6      | Found a staircase to the Ecumenical Temple.
  4902 | D:6      | Found an opulent altar of Gozag.
  4903 | D:6      | Found a sparkling altar of Nemelex Xobeh.
  5019 | D:6      | Noticed a two-headed ogre
  5030 | D:6      | HP: 16/64 [two-headed ogre/giant club (17)]
  5031 | D:6      | Mangled by a two-headed ogre

Vault maps used:
D:1:      minmay_arrival_four_loops
D:2:      first_ration, uniq_jessica
D:4:      minmay_a_box_with_orc_wizards_in_it
D:5:      tgw_sif, kennysheep_mini, nicolae_overflow_crystal_walls,
          ashenzari_conservatory_becter, item_on_display_a, uniq_ijyb
D:6:      grunt_temple_overflow_opulence, minmay_temple_entry_fiery

Skill      XL: |  1  2  3  4  5  6  7  8 |
---------------+-------------------------+-----
Throwing       | 1 2 |  2.1
Fighting       | 3 |  3.6
Dodging        | 3 |  3.2
Axes           | 1 3 5 7 |  7.4
Conjurations   | 1 2 |  2.9
Air Magic      | 2 3 |  3.5
Poison Magic   | 1 2 |  2.9
Long Blades    | |  2.9
Spellcasting   | |  2.0
Translocations | |  3.0

Action                   |  1- 3 |  4- 6 |  7- 9 || total
-------------------------+-------+-------+-------++-------
Melee: Falchion          |    87 |    25 |       ||   112
       Tailslap          |     9 |    20 |     8 ||    37
       War axe           |       |   134 |   109 ||   243
 Cast: Shroud of Golubri |     6 |     8 |    14 ||    28
Invok: Curse Item        |       |       |     2 ||     2
 Abil: Breathe Lightning |       |       |     4 ||     4
  Use: Scroll            |       |       |    10 ||    10
       Potion            |       |       |     1 ||     1
 Stab: Sleeping          |       |     1 |       ||     1
  Eat: Chunk             |     2 |    14 |     7 ||    23
Armor: Skin              |    15 |    62 |    76 ||   153
Dodge: Dodged            |    50 |   127 |   102 ||   279
       Rpst.: Falchion   |    15 |     5 |       ||    20

Table legend:
 A = Spawn XP
 B = Non-spawn XP
 C = Spawn XP percentage of total XP
 D = Spawn monster count
 E = Non-spawn monster count
 F = Spawn count percentage of total count
 G = Total turns spent on level
                    A         B        C        D         E        F      G
               +---------+---------+-------+---------+---------+-------+---------
         Total |       0 |    2145 |   0.0 |       0 |     116 |   0.0 |  5031
               +---------+---------+-------+---------+---------+-------+---------
           D:1 |       0 |      43 |   0.0 |       0 |      17 |   0.0 |   870
           D:2 |       0 |     108 |   0.0 |       0 |      21 |   0.0 |   738
           D:3 |       0 |     127 |   0.0 |       0 |      24 |   0.0 |   901
           D:4 |       0 |     315 |   0.0 |       0 |      15 |   0.0 |  1221
           D:5 |       0 |     715 |   0.0 |       0 |      21 |   0.0 |   902
           D:6 |       0 |     837 |   0.0 |       0 |      18 |   0.0 |   399
               +---------+---------+-------+---------+---------+-------+---------

Vault maps used:
D:1:      minmay_arrival_four_loops
D:2:      first_ration, uniq_jessica
D:4:      minmay_a_box_with_orc_wizards_in_it
D:5:      tgw_sif, kennysheep_mini, nicolae_overflow_crystal_walls,
          ashenzari_conservatory_becter, item_on_display_a, uniq_ijyb
D:6:      grunt_temple_overflow_opulence, minmay_temple_entry_fiery

Table legend:
 A = Turns spent in this place as a percentage of turns spent in the entire game.
 B = Non-inter-level travel turns spent in this place as a percentage of non-inter-level travel turns spent in the entire game.
 C = Inter-level travel turns spent in this place as a percentage of turns spent in this place.
 D = Turns resting spent in this place as a percentage of non-inter-level travel turns spent in this place.
 E = Turns spent auto-exploring this place as a percentage of non-inter-level travel turns spent in this place.
 F = Non-inter-level travel turns spent in this place divided by the number of levels of this place that you've seen.
                   A       B       C       D       E      F
               +-------+-------+-------+-------+-------+----------------------
         Total | 100.0 | 100.0 |   2.6 |  20.9 |  60.9 | 816.8
       Dungeon | 100.0 | 100.0 |   2.6 |  20.9 |  60.9 | 816.8
               +-------+-------+-------+-------+-------+----------------------

Table legend:
 A = Kills in this place as a percentage of kills in entire the game.
 B = Kills by you in this place as a percentage of kills by you in the entire game.
 C = Kills by friends in this place as a percentage of kills by friends in the entire game.
 D = Other kills in this place as a percentage of other kills in the entire game.
 E = Experience gained in this place as a percentage of experience gained in the entire game.
 F = Experience gained in this place divided by the number of levels of this place that you have seen.
                   A       B       C       D       E      F
               +-------+-------+-------+-------+-------+----------------------
         Total | 100.0 | 100.0 |   N/A |   N/A | 100.0 | 357.5
       Dungeon | 100.0 | 100.0 |   N/A |   N/A | 100.0 | 357.5
               +-------+-------+-------+-------+-------+----------------------
